 Dungeon Crawl Stone Soup version 0.27-a0-695-gb4952372f7 (webtiles) character file.

Game seed: 11921317287665023629

377 ReteAZ the Conjurer (level 6, -5/41 HPs)
             Began as a Demonspawn Hedge Wizard on Mar 22, 2021.
             Killed by nerve-wracking pain
             ... invoked by Grinder
              (9 damage)
             ... on level 4 of the Dungeon.
             The game lasted 00:04:09 (3011 turns).

ReteAZ the Conjurer (Demonspawn Hedge Wizard)       Turns: 3011, Time: 00:04:09

Health: -5/41      AC:  7    Str: 16    XL:     6   Next: 45%
Magic:  2/12       EV: 12    Int: 17    God:
Gold:   75         SH:  0    Dex: 13    Spells: 10/13 levels left

rFire    . . .     SeeInvis .   a - +0 dagger
rCold    . . .     Faith    .   (no shield)
rNeg     . . .     Spirit   .   b - +0 robe
rPois    .         Reflect  .   g - +1 helmet
rElec    .         Harm     .   (no cloak)
rCorr    .         Rampage  .   (no gloves)
Will     .....                  (no boots)
Stlth    ++........             (no amulet)
HPRegen  0.13/turn              l - +6 ring of strength
MPRegen  0.13/turn              (no ring)

@: flying
A: claws 1, slimy green scales 2, demonic magic 1
a: no special abilities


You were on level 4 of the Dungeon.
You visited 1 branch of the dungeon, and saw 3 of its levels.

You collected 75 gold pieces.

Inventory:

Hand Weapons
 a - a +0 dagger (weapon)
 e - a +0 whip
Armour
 b - a +0 robe (worn)
 c - a +0 hat
 g - a +1 helmet (worn)
Jewellery
 l - a +6 ring of strength (right claw)
Scrolls
 j - a scroll of teleportation {unknown}
 m - a scroll of enchant weapon {unknown}
 n - a scroll of enchant armour {unknown}
Potions
 d - 2 potions of mutation


   Skills:
 - Level 1.7 Dodging
 - Level 1.7 Stealth
 + Level 4.2 Spellcasting
 * Level 4.7 Conjurations
 + Level 3.2 Summonings
 - Level 0.8 Translocations


You had 10 spell levels left.
You knew the following spells:

 Your Spells              Type           Power      Damage    Failure   Level
a - Magic Dart            Conj           76%        1d6       2%          1
b - Call Imp              Summ           14%        N/A       6%          2

Your spell library contained the following spells:

 Spells                   Type           Power      Damage    Failure   Level
 Blink                    Tloc           N/A        N/A       16%         2
 Conjure Flame            Conj/Fire      11%        6-21      17%         3
 Slow                     Hex            3%         N/A       24%         2
 Mephitic Cloud           Conj/Pois/Air  8%         N/A       24%         3


Dungeon Overview and Level Annotations

Branches:
Dungeon (2/15)

Altars:
Nemelex Xobeh
Vehumet
Yredelemnul
The Shining One

Annotations:
D:4 Duvessa, Grinder


Innate Abilities, Weirdness & Mutations

You have sharp fingernails.
You are mostly covered in slimy green scales. (AC +3)
Spells you cast may paralyse adjacent enemies.


Message History

d - 2 potions of mutation The worker ant is no longer paralysed.
The worker ant closely misses you.
It was a potion of flight.
You feel very buoyant.
You fly up into the air.
The worker ant bites you but does no damage.
It was a potion of curing.
You feel better.
The worker ant bites you but does no damage.
Casting: Magic Dart (safe; 2% risk of failure)
Confirm with . or Enter, or press ? or * to list all spells.
Aiming: Magic Dart (safe; 2% risk of failure)
Press: ? - help, Shift-Dir - straight line, f/p - worker ant
Aim: a worker ant (0% to evade)
The magic dart hits the worker ant.
The worker ant is lightly wounded.
Malevolent energies surge around you.
The worker ant suddenly stops moving!
The helpless worker ant fails to defend itself.
You hit the worker ant.
The worker ant is heavily wounded.
The helpless worker ant fails to defend itself.
You hit the worker ant.
The worker ant is severely wounded.
The helpless worker ant fails to defend itself.
You hit the worker ant.
You kill the worker ant!
Grinder gestures at you. Pain shoots through your body!
* * * LOW HITPOINT WARNING * * *
Unknown command.
Casting: Magic Dart (safe; 2% risk of failure)
Confirm with . or Enter, or press ? or * to list all spells.
Aiming: Magic Dart (safe; 2% risk of failure)
Press: ? - help, Shift-Dir - straight line, f - Grinder
Aim: Grinder (0% to evade)
The magic dart hits Grinder.
Grinder is lightly wounded.
Malevolent energies surge around you. Grinder gestures at you.
Pain shoots through your body!
You die...

##### #...# #>..# #...# ..
#...# ... #...#....
#...#.... ##########
########.......O
#........###..@5......#..5.
#........>...######...# .
###........##### ##...#
...........# #..#.#
###........# #.##.#
#........# #.# ..
########## #.# #.. ##.# ...
#..# ...#.


You could see Grinder.

Vanquished Creatures
  2 ogres (D:4)
  2 hounds (D:4)
  A worker ant (D:4)
  5 adders
  3 oozes
  A worm (D:2)
  A dart slug (D:4)
  3 bat zombies (D:2)
  5 giant cockroaches
  4 hobgoblins
  10 bats
  3 frilled lizards
  10 goblins
  10 kobolds
  4 rats
64 creatures vanquished.

Notes
Turn   | Place    | Note
-------+----------+-------------------------------------------
     0 | D:1      | ReteAZ the Demonspawn Hedge Wizard began the quest for the
                  | Orb.
     0 | D:1      | Reached XP level 1. HP: 13/13 MP: 4/4
   275 | D:1      | Gained mutation: You have sharp fingernails. [demonic
                  | ancestry]
   275 | D:1      | Reached XP level 2. HP: 11/19 MP: 0/6
  1182 | D:1      | Gained mutation: Spells you cast may paralyse adjacent
                  | enemies. [demonic ancestry]
  1182 | D:1      | Reached XP level 3. HP: 24/24 MP: 4/7
  1786 | D:2      | Found a radiant altar of Vehumet.
  1927 | D:2      | Gained mutation: You are partially covered in slimy green
                  | scales. (AC +2) [demonic ancestry]
  1927 | D:2      | Reached XP level 4. HP: 30/30 MP: 6/9
  2129 | D:2      | Learned a level 2 spell: Call Imp
  2367 | D:2      | Found a basalt altar of Yredelemnul.
  2605 | D:2      | Found a sparkling altar of Nemelex Xobeh.
  2728 | D:2      | You fall into a shaft and drop 2 floors!
  2731 | D:4      | Noticed Duvessa
  2775 | D:4      | Noticed an ogre
  2789 | D:4      | Killed an ogre
  2790 | D:4      | Reached XP level 5. HP: 35/35 MP: 4/10
  2965 | D:4      | Noticed Grinder
  2965 | D:4      | Noticed an ogre
  2994 | D:4      | Gained mutation: You are mostly covered in slimy green
                  | scales. (AC +3) [demonic ancestry]
  2994 | D:4      | Reached XP level 6. HP: 33/41 MP: 5/12
  2998 | D:4      | HP: 1/41 [ogre/+0 giant club (20)]
  3011 | D:4      | Killed from afar by Grinder

Illustrated notes

Levels and vault maps discovered:
D:1:      lightli_arrival_isolated_outpost, layout_loops_ring
D:2:      layout_rooms, tso_altar, old_standard_altar,
          nicolae_yredelemnul_corpse_copse, lemuel_round_altar
D:4:      layout_rooms, okawaru_trees_2, tgw_xom, uniq_grinder, uniq_sigmund,
          uniq_duvessa

Skill      XL: |  1  2  3  4  5 |
---------------+----------------+-----
Conjurations   | 2 3 4 |  4.7
Summonings     | 2 3 |  3.2
Spellcasting   | 4 |  4.2
Dodging        | |  1.7
Stealth        | |  1.7
Translocations | |  0.8

Action                   |  1- 3 |  4- 6 || total
-------------------------+-------+-------++-------
Melee: Dagger            |    17 |    22 ||    39
       Whip              |    13 |       ||    13
       Unarmed           |     3 |       ||     3
 Cast: Magic Dart        |    88 |    76 ||   164
  Use: Scroll            |       |     2 ||     2
       Potion            |       |     2 ||     2
 Stab: Paralysed         |     4 |    20 ||    24
Armor: Robe              |     9 |     6 ||    15
Dodge: Dodged            |    32 |    14 ||    46

Table legend: (Time is in decaauts)
 A = Elapsed time spent in this place.
 B = Non-inter-level travel time spent in this place.
 C = Inter-level travel time spent in this place.
 D = Time resting spent in this place.
 E = Time spent auto-exploring this place.
 F = Levels seen in this place.
 G = Mean time per level.
                   A        B        C        D        E       F      G
               +--------+--------+--------+--------+--------+-----+--------+
         Total |   3019 |   2953 |     66 |      0 |   2534 |   3 | 1006.3 |
       Dungeon |   3019 |   2953 |     66 |      0 |   2534 |   3 | 1006.3 |
               +--------+--------+--------+--------+--------+-----+--------+

Top non-repeatable levels by time:
     D:1: 1594 daAuts
     D:2: 1142 daAuts
     D:4: 282 daAuts
